 Dungeon Sprint DCSS version 0.27.1-3-gb3d3a73c9e (webtiles) character file.

Game seed: 10661086597494126414

698 JuniperTheExplorer the Blocker (level 7, 0/65 HPs)
             Began as a Formicid Fighter on Oct 27, 2021.
             Slain by an ice devil (18 damage)
             ... summoned by a kobold demonologist
             ... in the Dungeon (Sprint I: "Red Sonja").
             The game lasted 00:05:59 (705 turns).

JuniperTheExplorer the Blocker (Formicid Fighter)    Turns: 705, Time: 00:05:59

Health: 0/65       AC: 14    Str: 20    XL:     7   Next: 97%
Magic:  7/7        EV:  7    Int:  8    God:
Gold:   237        SH: 12    Dex: 12    Spells: 6/6 levels left

rFire    . . .     SeeInvis +   a - +0 quarterstaff
rCold    . . .     Faith    .   c - +0 kite shield
rNeg     . . .     Spirit   .   h - +0 plate armour
rPois    .         Reflect  .   (helmet unavailable)
rElec    .         Harm     .   (no cloak)
rCorr    .         Rampage  .   (no gloves)
Will     .....                  (no boots)
Stlth    ..........             (no amulet)
HPRegen  0.20/turn              (no ring)
MPRegen  0.10/turn              (no ring)

@: no status effects
A: permanent stasis, dig shafts and tunnels, antennae 3, four strong arms
a: Dig


You were in the Dungeon.
You visited 1 branch You collected 467 gold pieces.
You spent 230 gold pieces at shops.

Inventory:

Hand Weapons
 a - a +0 quarterstaff (weapon)
Armour
 c - a +0 kite shield (worn)
 h - a +0 plate armour (worn)
Potions
 e - a potion of curing
 g - 2 potions of magic


   Skills:
 + Level 9.9 Fighting
 + Level 8.1 Staves
 + Level 9.6 Armour
 + Level 1.3 Dodging
 + Level 9.9 Shields


You had 6 spell levels left.
You didn't know any spells.
Your spell library was empty.

Dungeon Overview and Level Annotations

Branches:
Dungeon (1/1)

Altars:
Cheibriados
Dithmenos
Elyvilon
Fedhas
Gozag
Hepliaklqana
Kikubaaqudgha
Makhleb
Nemelex Xobeh
Okawaru
Qazlal
Ru
Sif Muna
Trog
Uskayaw
Vehumet
Wu Jian
Xom
Yredelemnul
Zin
The Shining One
Jiyva
Lugonu

Shops:
D =[


Innate Abilities, Weirdness & Mutations

You cannot be hasted, slowed, berserked, paralysed or teleported.
You can dig through walls and to a lower floor.
You have a pair of large antennae on your head. (SInv)
Your four strong arms can wield two-handed weapons with a shield.


Message History

You barely miss the kobold demonologist.
The kobold demonologist is lightly wounded.
You block the iron imp's attack.
You sock the kobold demonologist!
The kobold demonologist is heavily wounded.
The kobold demonologist casts a spell.
The ice devil barely misses you. You block the iron imp's attack.
You closely miss the kobold demonologist.
The kobold demonologist is heavily wounded.
The kobold demonologist closely misses you.
You block the ice devil's attack. You block the iron imp's attack.
You hit the kobold demonologist but do no damage.
The kobold demonologist is heavily wounded.
You block the ice devil's attack.
The kobold demonologist looks satisfied for a moment.
You hit the kobold demonologist.
The kobold demonologist is heavily wounded.
The kobold demonologist hits you but does no damage.
The ice devil hits you! The ice devil freezes you!
The iron imp barely misses you.
You barely miss the kobold demonologist.
The kobold demonologist is heavily wounded.
You block the kobold demonologist's attack.
The ice devil hits you! The ice devil freezes you!!
The kobold demonologist mumbles some strange words.
The iron imp hits you.
* * * LOW HITPOINT WARNING * * *
You feel much better.
The kobold demonologist hits you but does no damage.
The ice devil hits you. The ice devil freezes you!
The iron imp summons a swarm of flies.
The iron imp hits you!
* * * LOW HITPOINT WARNING * * *
You block the ice devil's attack.
You feel better.
The kobold demonologist hits you with a +0 dagger.
The ice devil hits you.
* * * LOW HITPOINT WARNING * * *
The ice devil freezes you!!
You die...

######################
..'..#.)+..#__#.4K55.#
).#..'..#..'..+.@#{.{#
####'#####'#__####4..+{{
.....#...#(####§ ####{{
__...#..##)#≈≈§§c#
_____##'#_.+≈≈≈§.+ {
_.∩...'..._#≈≈≈§c#
_..__##_.#'##+##### {
_____###+#|.([(...#{
###### ####+###(##


You could see an ice devil (summoned), a kobold demonologist, an iron imp
(summoned) and a crimson imp (summoned).

Vanquished Creatures
  A slime creature (D)
  Sigmund (D)
  A yak (D)
  A floating eye (D)
  An ogre (D)
  A jelly (D)
  Ijyb (D)
7 creatures vanquished.

Vanquished Creatures (others)
  A gargoyle (D)
1 creature vanquished.

Grand Total: 8 creatures vanquished

Notes
Turn   | Place    | Note
-------+----------+-------------------------------------------
     0 | D        | JuniperTheExplorer the Formicid Fighter began the quest for
                  | the Orb.
     0 | D        | Reached XP level 1. HP: 18/18 MP: 1/1
     2 | D        | Noticed Ijyb
     9 | D        | Killed Ijyb
    10 | D        | Reached skill level 5 in Shields
    10 | D        | Reached XP level 2. HP: 19/26 MP: 2/2
    10 | D        | Reached XP level 3. HP: 23/31 MP: 3/3
    99 | D        | Found a basalt altar of Yredelemnul.
    99 | D        | Found a hide-covered altar of Uskayaw.
    99 | D        | Found a hazy altar of Hepliaklqana.
    99 | D        | Found a shadowy altar of Dithmenos.
    99 | D        | Found an ancient bone altar of Kikubaaqudgha.
    99 | D        | Found a sacrificial altar of Ru.
    99 | D        | Found a snail-covered altar of Cheibriados.
    99 | D        | Found Wochoaf's Jewellery Emporium.
    99 | D        | Found an opulent altar of Gozag.
    99 | D        | Found a sparkling altar of Nemelex Xobeh.
    99 | D        | Found a glowing golden altar of the Shining One.
    99 | D        | Found an iron altar of Okawaru.
    99 | D        | Found a bloodstained altar of Trog.
    99 | D        | Found a blossoming altar of Fedhas.
    99 | D        | Found a stormy altar of Qazlal.
    99 | D        | Found a white marble altar of Elyvilon.
    99 | D        | Found a glowing silver altar of Zin.
    99 | D        | Noticed a yak
   107 | D        | Killed a yak
   108 | D        | Reached XP level 4. HP: 25/43 MP: 4/4
   108 | D        | Reached XP level 5. HP: 28/48 MP: 5/5
   113 | D        | Found a shimmering blue altar of Sif Muna.
   113 | D        | Found a radiant altar of Vehumet.
   113 | D        | Found an ornate altar of the Wu Jian Council.
   120 | D        | Reached skill level 5 in Staves
   120 | D        | Reached XP level 6. HP: 31/55 MP: 6/6
   131 | D        | Found a burning altar of Makhleb.
   131 | D        | Found a viscous altar of Jiyva.
   131 | D        | Found a shimmering altar of Xom.
   131 | D        | Found a corrupted altar of Lugonu.
   131 | D        | Noticed a slime creature
   138 | D        | Killed a slime creature
   139 | D        | Reached XP level 7. HP: 22/63 MP: 7/7
   284 | D        | Killed a gargoyle
   454 | D        | Found Zesil's Armour Emporium.
   459 | D        | Bought a +0 plate armour for 230 gold pieces
   515 | D        | Noticed Sigmund
   529 | D        | Killed Sigmund
   530 | D        | Reached skill level 1 in Dodging
   678 | D        | Noticed a centaur warrior
   678 | D        | Noticed a centaur warrior
   692 | D        | Noticed a kobold demonologist
   692 | D        | Noticed a kobold demonologist
   697 | D        | Noticed an ice devil
   703 | D        | Noticed a rust devil
   705 | D        | Slain by an ice devil

Illustrated notes

Levels and vault maps discovered:
D:        dungeon_sprint_1 [red_sonja_temple_1, red_sonja_temple_small_1]

Skill      XL: |  1  2  3  4  5  6  7 |
---------------+----------------------+-----
Fighting       | 4 7 8 9 |  9.9
Staves         | 3 4 5 6 8 |  8.1
Armour         | 4 6 7 8 9 |  9.6
Shields        | 5 7 8 9 |  9.9
Dodging        | 1 |  1.3

Action                   |  1- 3 |  4- 6 |  7- 9 || total
-------------------------+-------+-------+-------++-------
Melee: Quarterstaff      |    12 |    11 |    20 ||    43
 Abil: Dig               |     3 |       |     4 ||     7
  Use: Potion            |     1 |       |     2 ||     3
       Scroll            |       |       |     1 ||     1
Armor: Scale mail        |     2 |     2 |       ||     4
       Plate armour      |       |       |     5 ||     5
Dodge: Dodged            |     3 |     4 |     6 ||    13
Block: Kite shield       |     4 |     4 |     8 ||    16
